3-0 win by comeback

Match 21847101
End
Kettenkrad Recon Vehicle
Construct Infanterie Kompanie
MG 42 Machine Gun Team
GrW 34 Mortar Team
Sniper
GrW 34 Mortar Team
Construct Panzergrenadier Kompanie
Panzergrenadier Squad
Panzergrenadier Squad
251 Medium Carrier
Construct Panzer Kompanie
Selects Mechanized Battlegroup
Selects Raid Package
Selects 8 Rad Armored Car
Selects UNKNOWN (2160084)
Panther Heavy Tank
Side Skirts
Panther Heavy Tank
Selects Mobile Repair Stations
Selects Wespe Self-propelled Artillery
Medical Station
Pioneer Squad
Pioneer Squad
Selects Zeroing Artillery Barrage
Wespe Self-propelled Artillery
Panzer Officer Quarters
Panzergrenadier Officer Quarters
Infanterie Officer Quarters
Zeroing Artillery Barrage
Pioneer Squad
MG 42 Machine Gun Team
Zeroing Artillery Barrage
Derlis
StrangeOak
bonjour_cretin
tan_book
Thyxel
elpiloto
CemeteryWind
liptak
0
0

Comments sign in to comment!

No comments posted yet!